[Event "ICC tourney 1982 (45 10)"]
[Site "Internet Chess Club"]
[Date "2020.08.29"]
[Round "2"]
[White "Ananya22609"]
[Black "UltimateDL"]
[Result "0-1"]
[ICCResult "White checkmated"]
[WhiteElo "1633"]
[BlackElo "1367"]
[Opening "Sicilian: Alapin's variation (2.c3)"]
[ECO "B22"]
[NIC "SI.46"]
[Time "13:32:15"]
[TimeControl "2700+10"]

1. e4 c5 2. c3 d5 3. exd5 Qxd5 4. d4 Nc6 5. Nf3 Bf5 6. Be2 cxd4 7. cxd4 Bxb1
8. Rxb1 e6 9. Be3 Bb4+ 10. Bd2 Bxd2+ 11. Qxd2 Nf6 12. O-O Qxa2 13. Rfc1 O-O
14. Ra1 Qd5 15. Bc4 Qd6 16. Rd1 Rfd8 17. Qe3 Nd5 18. Bxd5 Qxd5 19. h3 Qb5
20. Rab1 Ne7 21. Qe4 Nd5 22. Ne5 Rac8 23. Nf3 h6 24. Ne5 Nf6 25. Qd3 Qxd3
26. Rxd3 Nd7 27. Ra3 Nxe5 28. dxe5 a6 29. Rb3 Rc7 30. Kf1 Rcd7 31. Ke2 Kh7
32. Rc1 Kg6 33. Rc2 Kf5 34. Rc5 Rd2+ 35. Ke3 R8d7 36. g3 R2d5 37. Rxd5 exd5
38. Kd4 Ke6 39. Rb6+ Kf5 40. g4+ Kf4 41. Rd6 Rc7 42. Rxd5 Rc1 43. Rd6 Rc2
44. e6 fxe6 45. Rxe6 Rxf2 46. Re7 Rxb2 47. Rxg7 Kg3 48. Rh7 Kxh3 49. Rxh6+
Kxg4 50. Re6 Kf5 51. Re1 Rb6 52. Kd5 Kf6 53. Re2 Rc6 54. Rb2 Rc7 55. Kd6 Rh7
56. Rf2+ Kg5 57. Rf1 Rh6+ 58. Ke5 Kg4 59. Rf7 b5 60. Kd5 Rh5+ 61. Kd4 b4 62.
Kc4 a5 63. Rf1 Rf5 64. Rd1 Kf4 65. Rd7 Ke4 66. Rd1 Ke3 67. Rd7 Rf4+ 68. Kb3
Rd4 69. Rc7 Rd5 70. Kc4 Rd4+ 71. Kb3 Rd3+ 72. Kc2 b3+ 73. Kb2 a4 74. Ra7 Rd4
75. Rh7 Rf4 76. Rh3+ Rf3 77. Rh4 Rf4 78. Rh3+ Ke2 79. Rh2+ Rf2 80. Rh4 Ke3+
81. Kb1 a3 82. Rh3+ Rf3 83. Rh8 Rf1# {White checkmated} 0-1

[Event "ICC tourney 1982 (45 10)"]
[Site "Internet Chess Club"]
[Date "2020.08.29"]
[Round "2"]
[White "wicked"]
[Black "WizardY"]
[Result "0-1"]
[ICCResult "White resigns"]
[WhiteElo "1453"]
[BlackElo "934"]
[Opening "Sicilian"]
[ECO "B50"]
[NIC "SI.01"]
[Time "13:32:20"]
[TimeControl "2700+10"]

1. e4 c5 2. Nf3 d6 3. Bc4 Nf6 4. Nc3 g6 5. h3 Bg7 6. d3 Nc6 7. Bg5 O-O 8.
Qd2 Bd7 9. O-O a6 10. a3 b5 11. Bb3 b4 12. axb4 cxb4 13. Ne2 a5 14. Bh6 Rc8
15. Bxg7 Kxg7 16. Ned4 Nxd4 17. Nxd4 Qb6 18. Qe3 Qc7 19. Rfc1 e5 20. Ne2 Qc5
21. Qd2 Qb6 22. Bc4 Nxe4 23. dxe4 Rxc4 24. c3 Rxe4 25. c4 Rc8 26. b3 a4 27.
Ng3 Rf4 28. bxa4 Rfxc4 29. Rcb1 Rc2 30. a5 Qa7 31. Qe3 Qxe3 32. fxe3 Bc6 33.
e4 Rc4 34. a6 Bxe4 35. Nxe4 Rxe4 36. a7 Ra8 37. Ra4 Rc4 38. Rd1 Rc6 39. Rb1
Rb6 40. Rc1 b3 41. Kf2 b2 42. Rb1 Rb7 43. Ke3 Raxa7 44. Rxa7 Rxa7 45. Rxb2
Ra4 46. Rb6 Rd4 47. Rb7 Kf6 48. g3 Rd1 49. Rb6 Ke6 50. Rb2 Rh1 51. h4 Rh3
52. Kf3 Rh1 53. Re2 Rf1+ 54. Kg2 Rf6 55. Ra2 Kd5 56. Rd2+ Ke4 57. Re2+ Kd3
58. Ra2 e4 59. Ra3+ Ke2 60. Ra2+ Kd1 61. Ra1+ Kc2 62. Ra2+ Kb1 63. Ra3 d5
64. g4 d4 65. g5 Rf4 66. Kg3 Rf3+ 67. Rxf3 exf3 68. Kxf3 d3 {White resigns}
0-1

[Event "ICC tourney 1982 (45 10)"]
[Site "Internet Chess Club"]
[Date "2020.08.29"]
[Round "2"]
[White "keshavarzip"]
[Black "vvguys"]
[Result "1/2-1/2"]
[ICCResult "Game drawn by mutual agreement"]
[WhiteElo "1473"]
[BlackElo "1622"]
[Opening "Scandinavian (center counter) defense"]
[ECO "B01"]
[NIC "SD.01"]
[Time "13:32:18"]
[TimeControl "2700+10"]

1. e4 d5 2. exd5 Qxd5 3. Nc3 Qa5 4. Bb5+ c6 5. Be2 Bf5 6. Nf3 Nf6 7. d3 e6
8. Bd2 Qc7 9. Nh4 Bg6 10. O-O Be7 11. Nf3 Nbd7 12. Bg5 h6 13. Be3 O-O 14. h3
Bc5 15. Qe1 Bb4 16. a3 Ba5 17. b4 Bb6 18. Na4 Bxe3 19. fxe3 c5 20. c4 cxb4
21. axb4 Rac8 22. Qf2 e5 23. e4 a6 24. c5 Rfd8 25. Rac1 Qc6 26. Nb6 Rc7 27.
Nxd7 Nxd7 28. Nh4 Nf8 29. Nf3 f6 30. Bd1 Rxd3 31. Nxe5 fxe5 32. Qxf8+ Kh7
33. Rf3 Qxe4 34. Bc2 Rxf3 35. Qxf3 Qxf3 36. Bxg6+ Kxg6 37. gxf3 Kf5 38. Kf2
g5 39. Kg3 h5 40. Rd1 h4+ 41. Kf2 a5 42. bxa5 Rxc5 43. Rb1 Rxa5 44. Rxb7 Ra6
45. Rf7+ Kg6 46. Re7 Kf6 47. Re8 Ra2+ 48. Ke3 Rh2 49. Ke4 Rxh3 50. Rxe5 Rxf3
51. Rxg5 Ra3 52. Rh5 Kg6 53. Rh8 Ra4+ 54. Kf3 Kg5 55. Rg8+ Kh6 56. Rg4 Ra3+
57. Kg2 Kh5 58. Rc4 Ra2+ 59. Kh3 Ra3+ 60. Kg2 h3+ 61. Kh2 Kg5 62. Rd4 Kh5
63. Rc4 Rf3 64. Rb4 Kg5 65. Rc4 Re3 66. Rb4 Kh5 67. Rc4 Kg5 68. Rb4 Rf3 69.
Rc4 {Game drawn by mutual agreement} 1/2-1/2

[Event "ICC tourney 1982 (45 10)"]
[Site "Internet Chess Club"]
[Date "2020.08.29"]
[Round "2"]
[White "Theutltl"]
[Black "rcstinson"]
[Result "1-0"]
[ICCResult "Black resigns"]
[WhiteElo "1020"]
[BlackElo "1428"]
[Opening "Philidor: Improved Hanham variation"]
[ECO "B07"]
[NIC "PU.08"]
[Time "13:32:17"]
[TimeControl "2700+10"]

1. e4 d6 2. d4 Nf6 3. Nc3 Nbd7 4. Nf3 e5 5. dxe5 dxe5 6. Bc4 c6 7. O-O Be7
8. Re1 O-O 9. Bg5 b5 10. Bb3 Qb6 11. a3 Rd8 12. Qe2 Ba6 13. Qe3 Bc5 14. Qd2
Ng4 15. Bxd8 Bxf2+ 16. Kh1 Rxd8 17. Qg5 Ndf6 18. Nxe5 Be3 19. Bxf7+ Kf8 20.
Qf5 Nf2+ 21. Kg1 Bc8 22. Qf3 N2g4+ 23. Kh1 Nxe5 24. Qxe3 Qxe3 25. Rxe3 Kxf7
26. h3 Nc4 27. Rf3 Ke6 28. b3 Ne5 29. Re3 a6 30. Ne2 Bb7 31. Nf4+ Kf7 32.
Nd3 Nxd3 33. cxd3 c5 34. Rc1 Nd7 35. e5 Ke6 36. b4 cxb4 37. axb4 Kd5 38. Rc7
Bc6 39. e6 Kd6 40. Ra7 Ne5 41. Rxa6 Ra8 42. Rxa8 Bxa8 43. e7 Bc6 44. d4 Nc4
45. e8=Q Bxe8 46. Rxe8 Kd5 47. Rd8+ Ke4 48. d5 Kd3 49. d6 Kc3 50. d7 Ne5 51.
Rc8+ Kxb4 52. d8=Q Nc4 53. Qd1 Ka3 54. Qc1+ Kb4 55. Qb1+ Ka4 56. Rxc4+ bxc4
57. Qa2+ Kb4 58. Qb1+ Kc5 59. Qxh7 Kd4 60. Qxg7+ Kd3 61. Qc7 c3 62. h4 c2
63. Qxc2+ Kxc2 64. h5 Kd3 65. h6 Ke4 66. h7 Kf5 67. h8=Q Ke4 68. Qf6 Kd5 69.
Qe7 Kd4 70. Qe6 Kc5 71. Qd7 Kc4 72. Qd6 Kb5 73. Qc7 Kb4 74. Qc6 Kb3 75. Qc5
Kb2 76. Qc4 Ka1 77. Qb4 Ka2 78. Kg1 Ka1 79. Kf2 Ka2 80. Ke2 Ka1 81. Kd2 Ka2
82. Kc2 {Black resigns} 1-0

[Event "ICC tourney 1982 (45 10)"]
[Site "Internet Chess Club"]
[Date "2020.08.29"]
[Round "2"]
[White "weakfish"]
[Black "miyzhang"]
[Result "1-0"]
[ICCResult "Black forfeits on time"]
[WhiteElo "1643"]
[BlackElo "1259"]
[Opening "Ruy Lopez: closed, 7...O-O"]
[ECO "C88"]
[NIC "RL.17"]
[Time "13:32:17"]
[TimeControl "2700+10"]

1. e4 e5 2. Nf3 Nc6 3. Bb5 a6 4. Ba4 Nf6 5. O-O Be7 6. Re1 b5 7. Bb3 O-O 8.
Nc3 d6 9. h3 Bd7 10. a3 Na5 11. Ba2 Nc6 12. d3 h6 13. Be3 Bc8 14. Qd2 Kh7
15. Nd5 Nxd5 16. Bxd5 Bb7 17. Qc3 Qd7 18. b4 Nd8 19. Bb3 Rc8 20. Rad1 Ne6
21. Bc1 Kh8 22. Be3 c5 23. bxc5 dxc5 24. Qxe5 Bd6 25. Qb2 Nf4 26. Bxf4 Bxf4
27. Kh1 f5 28. Nh4 fxe4 29. Ng6+ Kh7 30. Nxf8+ Rxf8 31. dxe4 Qe7 32. Bd5 Bc8
33. Rd3 Be5 34. Qc1 Qh4 35. Qe3 Rxf2 36. Kg1 Rxc2 37. Rf1 Bd4 38. Rxd4 cxd4
39. Qd3 Rc3 40. Qxd4 Rg3 41. Rf3 {Black forfeits on time} 1-0

[Event "ICC tourney 1982 (45 10)"]
[Site "Internet Chess Club"]
[Date "2020.08.29"]
[Round "2"]
[White "SunnyCountry"]
[Black "chess278"]
[Result "0-1"]
[ICCResult "White checkmated"]
[WhiteElo "1300"]
[BlackElo "1530"]
[Opening "Caro-Kann: Steinitz variation"]
[ECO "B17"]
[NIC "CK.08"]
[Time "13:32:16"]
[TimeControl "2700+10"]

1. e4 c6 2. d4 d5 3. Nc3 dxe4 4. Nxe4 Nd7 5. Nf3 Ngf6 6. Ng3 e6 7. Bc4 Nb6
8. Bb3 Be7 9. O-O Qc7 10. Re1 O-O 11. c3 Bd7 12. Bc2 c5 13. Ne4 Rad8 14.
Nxf6+ Bxf6 15. Qd3 g6 16. Ne5 cxd4 17. cxd4 a6 18. a4 Bc6 19. Bf4 Qc8 20.
Rac1 Nd5 21. Bg3 Nb4 22. Qd2 Nxc2 23. Rxc2 Bxe5 24. Bxe5 f6 25. Bg3 Qd7 26.
Qe2 Qd5 27. Qxe6+ Qxe6 28. Rxe6 Rxd4 29. Rce2 Rd1+ 30. Re1 Bxa4 31. Rxd1
Bxd1 32. Rb6 Rf7 33. Kf1 f5 34. Ke1 Rd7 35. Bd6 Ba4 36. Ke2 Bc6 37. Bg3 Re7+
38. Kd2 Bxg2 39. Rb3 Bc6 40. Rc3 Kf7 41. b4 Rd7+ 42. Kc2 Ke8 43. f4 Kf7 44.
h4 Rd4 45. b5 axb5 46. Kb2 Ke6 47. Re3+ Re4 48. Rc3 Kd5 49. Rd3+ Rd4 50. Re3
Re4 51. Rd3+ Rd4 52. Re3 Kd6 53. Kc3 Rc4+ 54. Kb2 b4 55. Rd3+ Bd5 56. Ka1
Rc3 57. Rxc3 bxc3 58. Kb1 Kc5 59. Kc2 Kc4 60. Be1 Be4+ 61. Kc1 Kb3 62. Kd1
Kb2 63. Bxc3+ Kxc3 64. Kc1 b5 65. Kd1 b4 66. h5 gxh5 67. Ke2 b3 68. Kd1 b2
69. Ke2 b1=Q 70. Kf2 Qc2+ 71. Kg3 Qg2+ 72. Kh4 Qg4# {White checkmated} 0-1

[Event "ICC tourney 1982 (45 10)"]
[Site "Internet Chess Club"]
[Date "2020.08.29"]
[Round "2"]
[White "msk2018"]
[Black "ants97"]
[Result "0-1"]
[ICCResult "White resigns"]
[WhiteElo "1533"]
[BlackElo "1730"]
[Opening "Queen's pawn: London system"]
[ECO "A45"]
[NIC "QP.07"]
[Time "13:32:17"]
[TimeControl "2700+10"]

1. d4 Nf6 2. Bf4 e6 3. e3 c5 4. c3 Nc6 5. Bd3 Be7 6. h3 O-O 7. Nf3 b6 8. O-O
d6 9. Bc2 Bb7 10. Nbd2 cxd4 11. exd4 b5 12. a3 Rc8 13. Re1 Na5 14. Ne4 Bxe4
15. Bxe4 Nxe4 16. Rxe4 Nc4 17. Re2 Bf6 18. Rb1 Re8 19. Nd2 Nb6 20. Ne4 Be7
21. Re3 d5 22. Nd2 a5 23. Rg3 Bh4 24. Re3 Nc4 25. Nxc4 Rxc4 26. Be5 Bf6 27.
Rc1 Bxe5 28. Rxe5 Qc7 29. Re1 Rc8 30. Qd2 b4 31. axb4 axb4 32. Re3 Qa5 33.
Qe1 Qa2 34. Re2 Qb3 35. Rec2 h5 36. Qd2 g6 37. Kh2 Kg7 38. Kg1 Kg8 39. Kh2
e5 40. dxe5 d4 41. Kg1 bxc3 42. bxc3 Rxc3 43. Rxc3 Rxc3 44. Rd1 d3 45. Qe3
Qxd1+ {White resigns} 0-1

[Event "ICC tourney 1982 (45 10)"]
[Site "Internet Chess Club"]
[Date "2020.08.29"]
[Round "3"]
[White "sujay2010"]
[Black "randyj"]
[Result "0-1"]
[ICCResult "White checkmated"]
[WhiteElo "1366"]
[BlackElo "1709"]
[Opening "Queen's pawn: London system"]
[ECO "A45"]
[NIC "QP.07"]
[Time "16:03:01"]
[TimeControl "2700+10"]

1. d4 Nf6 2. Bf4 g6 3. e3 Bg7 4. Bd3 d5 5. Nd2 O-O 6. h3 c5 7. c3 Nc6 8.
Ngf3 cxd4 9. exd4 e5 10. dxe5 Nh5 11. Bh2 Re8 12. g4 Nxe5 13. Bxe5 Bxe5 14.
gxh5 Bc7+ 15. Be2 Qe7 16. Nf1 Qe4 17. Qd3 Qxd3 18. Ne3 Rxe3 19. fxe3 Qxe3
20. Rd1 Bg3+ 21. Kf1 Qf2# {White checkmated} 0-1

[Event "ICC tourney 1982 (45 10)"]
[Site "Internet Chess Club"]
[Date "2020.08.29"]
[Round "3"]
[White "wulovechess"]
[Black "Eagle2020"]
[Result "1-0"]
[ICCResult "Black checkmated"]
[WhiteElo "1105"]
[BlackElo "1566"]
[Opening "French: advance, Euwe variation"]
[ECO "C02"]
[NIC "FR.03"]
[Time "16:02:52"]
[TimeControl "2700+10"]

1. e4 e6 2. d4 d5 3. e5 c5 4. c3 Nc6 5. Nf3 Bd7 6. Bd3 Qb6 7. dxc5 Bxc5 8.
O-O Qc7 9. Qe2 f6 10. Bf4 O-O-O 11. exf6 Qxf4 12. fxg7 Nh6 13. gxh8=Q Rxh8
14. Qd2 Qf8 15. b4 Bb6 16. a4 d4 17. a5 Nxb4 18. axb6 Bc6 19. bxa7 Qxf3 20.
a8=Q+ Kc7 21. gxf3 Rg8+ 22. Qxg8 Nxg8 23. Qf4+ Kd7 24. Qf7+ Ne7 25. Bxh7 Nd5
26. c4 Nc3 27. Nxc3 dxc3 28. Rac1 Kd8 29. Rxc3 b5 30. cxb5 Bd5 31. Rd3 Kc8
32. Qxe7 e5 33. b6 e4 34. Qc7# {Black checkmated} 1-0

[Event "ICC tourney 1982 (45 10)"]
[Site "Internet Chess Club"]
[Date "2020.08.29"]
[Round "3"]
[White "BillietheKid"]
[Black "Abhinac123"]
[Result "1-0"]
[ICCResult "Black checkmated"]
[WhiteElo "1645"]
[BlackElo "1467"]
[Opening "Ruy Lopez: Anderssen variation"]
[ECO "C77"]
[NIC "RL.12"]
[Time "16:03:32"]
[TimeControl "2700+10"]

1. e4 e5 2. Nf3 Nc6 3. Bb5 a6 4. Ba4 Nf6 5. d3 b5 6. Bb3 Be7 7. O-O O-O 8.
c3 d6 9. Qe2 Na5 10. Bc2 c5 11. Rd1 Nc6 12. Nbd2 Bg4 13. h3 Bh5 14. Nf1 d5
15. Ng3 Bxf3 16. Qxf3 d4 17. Nf5 Qd7 18. Qg3 Nh5 19. Qg4 g6 20. Nh6+ Kg7 21.
Qxd7 Rac8 22. Qg4 Nf6 23. Qg3 Nh5 24. Qf3 Nd8 25. Ng4 Nc6 26. Bh6+ Kg8 27.
Bxf8 Kxf8 28. Nh6 Nf6 29. Ng4 Nh5 30. g3 dxc3 31. bxc3 Rd8 32. Bb3 c4 33.
dxc4 Rxd1+ 34. Rxd1 Kg8 35. cxb5 Nd8 36. bxa6 Ng7 37. a7 Kf8 38. a8=Q Ke8
39. Nf6+ Bxf6 40. Qxf6 Kf8 41. Rxd8+ Ne8 42. Qxf7# {Black checkmated} 1-0

[Event "ICC tourney 1982 (45 10)"]
[Site "Internet Chess Club"]
[Date "2020.08.29"]
[Round "3"]
[White "Jeffchess"]
[Black "wicked"]
[Result "0-1"]
[ICCResult "White resigns"]
[WhiteElo "1357"]
[BlackElo "1465"]
[Opening "Giuoco Piano: four knights variation"]
[ECO "C47"]
[NIC "KP.06"]
[Time "16:02:59"]
[TimeControl "2700+10"]

1. e4 e5 2. Nf3 Nc6 3. Nc3 Nf6 4. Bc4 Bc5 5. Bxf7+ Kxf7 6. Nxe5+ Nxe5 7. d4
Bxd4 8. Qxd4 d6 9. f4 Nc6 10. Qc4+ Be6 11. Nd5 Bxd5 12. exd5 Re8+ 13. Kd1
Re4 14. Qd3 Rd4 15. dxc6 Rxd3+ 16. cxd3 bxc6 17. Bd2 c5 18. h3 Qc8 19. Bc3
Qf5 20. Kc2 d5 21. Be5 c4 22. Rad1 cxd3+ 23. Rxd3 c5 24. g4 Qe6 25. Re1 c4
26. Rde3 Qa6 27. a3 Qa4+ 28. Kc1 Ne4 29. Rd1 c3 30. Bxc3 Nxc3 31. Rxc3 Rd8
32. f5 d4 33. Rcd3 a5 34. Kb1 Qc4 35. b3 Rb8 36. Kb2 a4 37. b4 Rc8 38. h4
Qc2+ 39. Ka1 Rc3 40. R1d2 Qc1+ 41. Ka2 Rxd3 42. Rxd3 Qc2+ 43. Ka1 Qxd3 44.
Ka2 Qc2+ 45. Ka1 d3 46. b5 d2 47. b6 {White resigns} 0-1

[Event "ICC tourney 1982 (45 10)"]
[Site "Internet Chess Club"]
[Date "2020.08.29"]
[Round "3"]
[White "patriots12"]
[Black "ivangoponenko"]
[Result "1/2-1/2"]
[ICCResult "Game drawn by mutual agreement"]
[WhiteElo "1398"]
[BlackElo "1401"]
[Opening "Grob's attack"]
[ECO "A00"]
[NIC "VO.11"]
[Time "16:03:20"]
[TimeControl "2700+10"]

1. g4 e5 2. Bg2 d5 3. d4 e4 4. c4 Bxg4 5. cxd5 Nf6 6. Nc3 Nxd5 7. Bxe4 Nxc3
8. bxc3 Nc6 9. Rb1 Rb8 10. Bg5 Be7 11. Bxc6+ bxc6 12. Rxb8 Qxb8 13. Bxe7
Kxe7 14. h3 Bh5 15. Nf3 Bxf3 16. exf3 Re8 17. O-O Kf8 18. Re1 Rxe1+ 19. Qxe1
Qe8 20. Qxe8+ Kxe8 21. Kf1 Kd7 22. Ke2 Kd6 23. Kd3 c5 24. c4 cxd4 25. Kxd4
c5+ 26. Ke4 Ke6 27. f4 g6 28. h4 h6 29. f3 f6 30. a3 a6 31. a4 a5 32. f5+
gxf5+ 33. Kf4 h5 34. Ke3 Ke5 35. f4+ Ke6 36. Kd3
{Game drawn by mutual agreement}
1/2-1/2

[Event "ICC tourney 1982 (45 10)"]
[Site "Internet Chess Club"]
[Date "2020.08.29"]
[Round "3"]
[White "Luc2008"]
[Black "Deveshc"]
[Result "0-1"]
[ICCResult "White resigns"]
[WhiteElo "1570"]
[BlackElo "1396"]
[Opening "Sicilian: Richter-Rauzer, Rauzer attack, 7...a6 defense, 9...Be7"]
[ECO "B68"]
[NIC "SI.27"]
[Time "16:02:57"]
[TimeControl "2700+10"]

1. e4 c5 2. Nf3 Nc6 3. d4 cxd4 4. Nxd4 Nf6 5. Nc3 d6 6. Bg5 e6 7. f4 Be7 8.
Qd2 Bd7 9. O-O-O a6 10. Kb1 b5 11. Nxc6 Bxc6 12. Bxf6 gxf6 13. Bd3 b4 14.
Ne2 a5 15. Nd4 Bd7 16. Bb5 Qc7 17. Qd3 Rb8 18. h3 a4 19. Bxd7+ Qxd7 20. Qc4
Rg8 21. g4 h5 22. gxh5 Rh8 23. Rdg1 Rxh5 24. Rg8+ Bf8 25. f5 e5 26. Nf3 d5
27. Qc5 Qe7 28. Rxf8+ Kxf8 29. Qxd5 Rd8 30. Qc4 Rxh3 31. Rf1 Rxf3 32. Rh1
Rh3 33. Rg1 Rh8 34. c3 Qa7 35. Qxb4+ Ke8 36. Qb5+ Qd7 37. Qb4 Qd3+ 38. Kc1
Qe3+ {White resigns} 0-1

[Event "ICC tourney 1982 (45 10)"]
[Site "Internet Chess Club"]
[Date "2020.08.29"]
[Round "3"]
[White "rcstinson"]
[Black "keshavarzip"]
[Result "1-0"]
[ICCResult "Black checkmated"]
[WhiteElo "1436"]
[BlackElo "1451"]
[Opening "Queen's pawn: stonewall attack"]
[ECO "D00"]
[NIC "QP.08"]
[Time "16:03:00"]
[TimeControl "2700+10"]

1. d4 d5 2. e3 Nf6 3. Bd3 e6 4. Nd2 Be7 5. f4 b6 6. Ngf3 Nbd7 7. O-O c5 8.
c3 a6 9. Ne5 Bb7 10. b3 Ne4 11. Qh5 O-O 12. Ndf3 g6 13. Qh6 Re8 14. Nxf7
Kxf7 15. Qxh7+ Kf8 16. Qxg6 Bf6 17. Ne5 Bg7 18. Qf7# {Black checkmated} 1-0

[Event "ICC tourney 1982 (45 10)"]
[Site "Internet Chess Club"]
[Date "2020.08.29"]
[Round "3"]
[White "adinanda"]
[Black "Florina12345"]
[Result "0-1"]
[ICCResult "White checkmated"]
[WhiteElo "1015"]
[BlackElo "1400"]
[Opening "Ruy Lopez: closed, Lutikov variation"]
[ECO "C90"]
[NIC "RL.19"]
[Time "16:02:58"]
[TimeControl "2700+10"]

1. e4 e5 2. Nf3 Nc6 3. Bb5 a6 4. Ba4 Nf6 5. O-O Be7 6. Re1 b5 7. Bb3 d6 8.
c3 O-O 9. Bc2 Bb7 10. d4 exd4 11. cxd4 Re8 12. Nbd2 Bf8 13. Nf1 g6 14. Ng3
Bg7 15. Bg5 Qd7 16. Bxf6 Bxf6 17. d5 Ne5 18. Rb1 Nxf3+ 19. Qxf3 Be5 20. Qe3
Rf8 21. f4 Bg7 22. Qf2 f5 23. exf5 gxf5 24. Bb3 Kh8 25. Nh5 Rf7 26. Re6 c6
27. dxc6 Qxc6 28. Rxd6 Qxd6 29. Rd1 Qg6 30. Bxf7 Qxf7 31. Ng3 Rc8 32. b3 Bf8
33. Kh1 Qf6 34. Nh5 Qc3 35. Rf1 Bc5 36. Qh4 Rg8 37. h3 Bxg2+ 38. Kh2 Bxf1
39. Ng3 Qd2+ 40. Ne2 Qxe2+ 41. Kh1 Rg1# {White checkmated} 0-1

[Event "ICC tourney 1982 (45 10)"]
[Site "Internet Chess Club"]
[Date "2020.08.29"]
[Round "3"]
[White "SukrutN"]
[Black "Theutltl"]
[Result "1-0"]
[ICCResult "Black checkmated"]
[WhiteElo "1166"]
[BlackElo "1010"]
[Opening "Grünfeld with Bf4 & e3"]
[ECO "D93"]
[NIC "QP.07"]
[Time "16:03:01"]
[TimeControl "2700+10"]

1. d4 Nf6 2. Bf4 g6 3. c4 Bg7 4. Nc3 d5 5. e3 O-O 6. Nf3 Bf5 7. Qb3 dxc4 8.
Qxb7 Nbd7 9. Bxc4 Rb8 10. Qxa7 Rxb2 11. Bxc7 Qc8 12. Bb3 Qa8 13. Qxa8 Rxa8
14. Rc1 Be6 15. Bxe6 fxe6 16. O-O Rc8 17. Be5 Nxe5 18. Nxe5 Ne8 19. Na4 Rxc1
20. Nxb2 Rc2 21. Ned3 Nd6 22. Rc1 Rxc1+ 23. Nxc1 e5 24. dxe5 Bxe5 25. Na4
Kf7 26. f4 Bf6 27. Nb3 e5 28. fxe5 Bxe5 29. Nb6 Bc3 30. Nd4 Ba5 31. Nd7 Nc4
32. Kf2 Na3 33. Ke2 Ke7 34. Nc6+ Kxd7 35. Nxa5 Kd6 36. Nb3 Kd5 37. Nd4 Kc4
38. Nb3 Nb1 39. Nd2+ Nxd2 40. Kxd2 Kb4 41. Kd3 Ka3 42. e4 Kxa2 43. e5 Kb3
44. e6 Kb4 45. e7 Kc5 46. e8=Q Kd5 47. Qf7+ Kc5 48. Qxh7 Kc6 49. Qxg6+ Kd5
50. h3 Ke5 51. h4 Kf4 52. h5 Ke5 53. Qg3+ Kf6 54. h6 Kf5 55. h7 Ke6 56. h8=Q
Kf5 57. Qh5+ Kf6 58. Qgg6+ Ke7 59. Qhh7+ Kf8 60. Qhf7# {Black checkmated}
1-0

[Event "ICC tourney 1982 (45 10)"]
[Site "Internet Chess Club"]
[Date "2020.08.29"]
[Round "3"]
[White "UltimateDL"]
[Black "weakfish"]
[Result "1-0"]
[ICCResult "Black checkmated"]
[WhiteElo "1399"]
[BlackElo "1621"]
[Opening "Caro-Kann: advance variation"]
[ECO "B12"]
[NIC "CK.04"]
[Time "16:02:57"]
[TimeControl "2700+10"]

1. e4 c6 2. d4 d5 3. e5 Bf5 4. Bd3 Bxd3 5. Qxd3 e6 6. Ne2 Ne7 7. Ng3 Nd7 8.
O-O Ng6 9. f4 c5 10. c3 cxd4 11. cxd4 Qb6 12. Nc3 Bb4 13. Kh1 O-O 14. f5
Bxc3 15. bxc3 exf5 16. Nxf5 Qe6 17. Ba3 Rfc8 18. Nd6 Rc6 19. Nxf7 Rac8 20.
Rac1 Ra6 21. Nd6 Rcc6 22. Bb4 Rxa2 23. Ra1 Rca6 24. Rxa2 Rxa2 25. Qb1 Re2
26. h3 Nh4 27. Rg1 Nxg2 28. Qf5 Qxf5 29. Nxf5 Nf4 30. Rxg7+ Kh8 31. Rxd7 h5
32. Be7 Nxh3 33. Bf6+ Kg8 34. Nh6+ Kf8 35. Rd8# {Black checkmated} 1-0

[Event "ICC tourney 1982 (45 10)"]
[Site "Internet Chess Club"]
[Date "2020.08.29"]
[Round "3"]
[White "VirginiaGuy"]
[Black "vvguys2"]
[Result "1-0"]
[ICCResult "Black checkmated"]
[WhiteElo "1508"]
[BlackElo "1409"]
[Opening "Queen's pawn game"]
[ECO "A46"]
[NIC "QP.06"]
[Time "16:02:57"]
[TimeControl "2700+10"]

1. d4 Nf6 2. Nf3 c5 3. e3 e6 4. Bd3 g5 5. O-O h6 6. b3 Nc6 7. Bb2 d5 8. Nbd2
Bd7 9. Ne5 Nxe5 10. dxe5 Nh7 11. Qh5 Qc7 12. Rac1 Bc6 13. c4 O-O-O 14. Nf3
dxc4 15. Bxc4 Bxf3 16. Qxf3 Rd2 17. Rb1 Bg7 18. Qe4 Nf8 19. Rfd1 Rxd1+ 20.
Rxd1 f5 21. exf6 Bxf6 22. Bxf6 Qh7 23. Rd8+ Kc7 24. Qe5+ Kb6 25. Qd6+ Ka5
26. Qxc5+ b5 27. Qxb5# {Black checkmated} 1-0

[Event "ICC tourney 1982 (45 10)"]
[Site "Internet Chess Club"]
[Date "2020.08.29"]
[Round "3"]
[White "ants97"]
[Black "ruhanv"]
[Result "1-0"]
[ICCResult "Black checkmated"]
[WhiteElo "1647"]
[BlackElo "944"]
[Opening "Caro-Kann: two knights variation"]
[ECO "B11"]
[NIC "CK.01"]
[Time "16:03:08"]
[TimeControl "2700+10"]

1. e4 c6 2. Nc3 d5 3. Nf3 dxe4 4. Nxe4 Bf5 5. Ng3 Bg6 6. h4 h6 7. Ne5 Bh7 8.
Qh5 g6 9. Qf3 Nf6 10. Qb3 e6 11. Qxb7 Nbd7 12. Nxc6 Qc8 13. Ba6 Nb6 14.
Qxc8+ Rxc8 15. Bxc8 Nxc8 16. d3 Bd6 17. Bd2 O-O 18. Bxh6 Re8 19. Ne4 Nxe4
20. dxe4 a6 21. Be3 e5 22. O-O-O Be7 23. Nxe7+ Nxe7 24. Bg5 Kg7 25. Bxe7
Rxe7 26. Rd6 g5 27. f3 gxh4 28. Rxa6 f6 29. Rxh4 Bg6 30. Rg4 Kf7 31. Rxg6
Kxg6 32. Rd6 Kg5 33. c4 f5 34. exf5 Kxf5 35. c5 Kf4 36. b4 Rb7 37. a3 Rg7
38. Rd2 e4 39. fxe4 Kxe4 40. c6 Rc7 41. b5 Rc8 42. Rd7 Ke5 43. c7 Ke6 44.
Rh7 Kd6 45. Rh6+ Kxc7 46. Rc6+ Kd7 47. Rxc8 Kxc8 48. g4 Kb7 49. g5 Kc7 50.
g6 Kb6 51. g7 Kxb5 52. g8=Q Ka4 53. Qb8 Kxa3 54. Qb5 Ka2 55. Qb2#
{Black checkmated}
1-0

[Event "ICC tourney 1982 (45 10)"]
[Site "Internet Chess Club"]
[Date "2020.08.29"]
[Round "3"]
[White "uhm44"]
[Black "ChessStar22"]
[Result "1/2-1/2"]
[ICCResult "Game drawn by repetition"]
[WhiteElo "1449"]
[BlackElo "1323"]
[Opening "Queen's pawn"]
[ECO "A40"]
[NIC "QO.17"]
[Time "16:03:06"]
[TimeControl "2700+10"]

1. d4 c6 2. Bf4 d5 3. Nf3 Nf6 4. e3 Bg4 5. Nbd2 e6 6. Bd3 Bd6 7. Bxd6 Qxd6
8. c3 h6 9. h3 Bxf3 10. Nxf3 Nbd7 11. Qc2 Qc7 12. Rd1 Rd8 13. Rc1 Qb6 14.
O-O O-O 15. Nd2 c5 16. Qb1 c4 17. Bc2 Qc6 18. e4 dxe4 19. Nxe4 Nxe4 20. Bxe4
Qc7 21. Rfe1 Nf6 22. Bf3 b5 23. Re5 a6 24. Qa1 Nd7 25. Re3 Nf6 26. Qb1 Nd5
27. Bxd5 Rxd5 28. Rg3 Rg5 29. Rxg5 hxg5 30. Qe4 Qf4 31. Re1 Qxe4 32. Rxe4
Rd8 33. Re5 Rd5 34. Rxd5 exd5 35. g4 a5 36. a3 f6 37. Kg2 Kf7 38. Kg3 Ke6
39. Kf3 g6 40. Ke3 Kf7 41. f3 Ke6 42. Kd2 Kf7 43. Kc2 a4 44. Kd2 Ke7 45. Ke2
Kf7 46. Kf2 Ke7 47. Kg3 Ke6 48. h4 gxh4+ 49. Kxh4 Kf7 50. f4 Ke6 51. Kg3 g5
52. Kf3 Ke7 53. Ke2 Kf7 54. Ke3 Ke7 55. f5 Kf7 56. Kd2 Ke7 57. Ke3 Kf7 58.
Kd2 Ke7 59. Kc1 Kf7 60. Kc2 Ke7 61. Kd2 Kf7 62. Ke3 Ke7 63. Kf3 Kf7 64. Kg3
Ke7 65. Kh3 Kf7 66. Kg2 Ke7 67. Kf1 Kf7 68. Kf2 Ke7 69. Ke3 Kf7 70. Kf3 Ke7
71. Kg3 Kf7 72. Kf2 Ke7 73. Ke1 Kf7 74. Ke2 Ke7 75. Kd2 Kf7 76. Ke3 Ke7 77.
Kf2 Kf7 78. Kf1 Ke7 79. Kg1 Kf7 80. Kh2 Ke7 81. Kg3 Kf7 82. Kg2 Ke7 83. Kh3
Kf7 84. Kg3 Ke7 85. Kf3 Kf7 86. Ke2 Ke7 87. Kd2 Kf7 88. Ke3 Ke7 89. Ke2 Kf7
90. Kd2 Ke7 91. Kc2 Kf7 92. Kc1 Ke7 93. Kb1 Kf7 94. Kc1 Ke7 95. Kc2 Kf7 96.
Kd1 Ke7 97. Ke2 Kf7 98. Kf3 Ke7 99. Ke2 Kf7 100. Kf2 Ke7 101. Ke1 Kf7 102.
Kd2 Ke7 103. Ke3 Kf7 104. Kf3 Ke7 105. Kg2 Kf7 106. Kh3 Ke7 107. Kh2 Kf7
108. Kg1 Ke7 109. Kf2 Kf7 110. Ke3 Ke7 111. Kd2 Kf7 112. Kd1 Ke7 113. Kc2
Kf7 114. Kd2 Ke7 115. Ke2 Kf7 116. Kf2 Ke7 117. Kf3 Kf7 118. Kg3 Ke7 119.
Kg2 Kf7 120. Kf2 Ke7 121. Ke2 Kf7 122. Ke3 Ke7 123. Kf3 Kf7 124. Kf2 Ke7
125. Kg3 Kf7 126. Kh3 Ke7 127. Kg2 Kf7 128. Kf1 Ke7 129. Ke2 Kf7 130. Kd2
{Game drawn by repetition}
1/2-1/2